 Dungeon Crawl Stone Soup version 0.24-a0-274-gb3763e6d51 (webtiles) character file.

Game seed: 15264624157414662403

310 CurryBlack the Caller (level 6, -2/32 HPs)
             Began as a Deep Elf Summoner on Apr 27, 2019.
             Slain by a white imp (4 damage)
             ... summoned by the player character
             ... on level 4 of the Dungeon.
             The game lasted 00:45:33 (3802 turns).

CurryBlack the Caller (Deep Elf Summoner)           Turns: 3802, Time: 00:45:34

Health: -2/32      AC:  3    Str:  7    XL:     6   Next: 17%
Magic:  12/16      EV: 12    Int: 20    God:
Gold:   200        SH:  0    Dex: 15    Spells: 10/16 levels left

rFire    . . .     SeeInvis +   A - +2 falchion (elec)
rCold    . . .     Gourm    .   (no shield)
rNeg     . . .     Faith    .   u - +0 leather armour
rPois    .         Spirit   .   (no helmet)
rElec    .         Reflect  .   (no cloak)
rCorr    +         Harm     .   (no gloves)
MR       .....                  (no boots)
Stlth    ++........             (no amulet)
HPRegen  0.10/turn              g - ring of resist corrosion
MPRegen  0.15/turn              o - ring of see invisible

@: no status effects
A: no striking features
a: no special abilities


You were on level 4 of the Dungeon.
You were hungry.

You visited 1 branch of the dungeon, and saw 4 of its levels.

You collected 200 gold pieces.

Inventory:

Hand Weapons
 z - a +2 mace of holy wrath
 A - a +2 falchion of electrocution (weapon)
 D - a +1 falchion of distortion
Missiles
 d - 31 poisoned needles
 k - 93 arrows
 m - 278 stones (quivered)
Armour
 u - a +0 leather armour (worn)
 y - a +0 cloak
Jewellery
 g - a ring of resist corrosion (left hand)
 o - a ring of see invisible (right hand)
 C - a +6 ring of intelligence {unknown}
Wands
 n - a wand of digging (3)
Scrolls
 e - 2 scrolls of fear {unknown}
 h - a scroll of fog {unknown}
 l - a scroll of noise {unknown}
 p - 4 scrolls of remove curse
 q - a scroll of amnesia
 s - a scroll of teleportation
 w - a scroll of blinking
 x - a scroll of identify {unknown}
Potions
 b - a potion of magic {unknown}
 f - a potion of mutation {unknown}
 j - 2 potions of flight {unknown}
 r - a potion of cancellation {unknown}
 t - 3 potions of brilliance {unknown}
 v - 3 potions of haste {unknown}
 B - 2 potions of heal wounds {unknown}
 E - 2 potions of agility {unknown}
Comestibles
 c - 5 rations


   Skills:
 - Level 2.4 Dodging
 + Level 4.2 Stealth
 * Level 5.7 Spellcasting
 * Level 6.0 Summonings
 * Level 1.7 Air Magic


You had 10 spell levels left.
You knew the following spells:

 Your Spells              Type           Power        Failure   Level  Hunger
b - Call Imp              Summ           ####....     1%          2    None
c - Summon Lightning Spi  Summ/Air       ###.....     32%         4    ####...

Your spell library contained the following spells:

 Spells                   Type           Power        Failure   Level  Hunger
 Summon Small Mammal      Summ           ####         1%          1    None
 Call Canine Familiar     Summ           ####....     4%          3    ##.....
 Summon Guardian Golem    Hex/Summ       ###.....     14%         3    ##.....
 Summon Ice Beast         Ice/Summ       ###.....     43%         4    ####...


Dungeon Overview and Level Annotations

Branches:
Dungeon (4/15)
 Temple: D:4-7

Altars:
Kikubaaqudgha


Message History

Your crimson imp blinks!
Your white imp gestures at the orc.
The puff of frost hits the orc wizard but does no damage.
What are your orders? t - Shout!
Orders for allies: a - Attack new target. p - Attack previous target. r - Retreat! s - Stop attacking. g - Guard the area. f - Follow me.
Anything else - Cancel.
Gang up on whom?
Press: ? - help, Dir - move target cursor, f - orc wizard, p - orc
Aim: an orc wizard, wielding a +2 dagger of protection and wearing a +2 robe of resistance (almost dead, slightly transparent) Attack!
The orc wizard casts a spell at your white imp.
Your white imp appears confused.
The orc misses your crimson imp.
Your white imp hits you.
* * * LOW HITPOINT WARNING * * *
Your white imp freezes you.
You die...

###..#### #..# #.##.. #..#
#..# #.# . ###.## #..# #.#
....# #..# #.# #.#.# #..#
##.## ###.# #oo###...######.
###.########.5.##..........
...÷...........5#...######..#
###.#######.....@..5........+
# #.# #.....##.########.# #.#
######...##.<#
#.###...#######.## #.......##
#)# #..###...# #.# ###
##.#⌠#...# #.# #.. #.###.#.#
#.# #.# #.....#.# #)# #.# #


You could see an orc wizard (invisible), an orc, 2 friendly crimson imps and a
friendly white imp (confused).

Vanquished Creatures
  An orc wizard (D:4)
  An adder (D:3)
  An adder skeleton (D:4)
  2 leopard geckos
  7 orcs
  4 giant cockroaches
  5 goblins
  6 jackals
  2 quokkas (D:4)
  3 bats
  8 frilled lizards
  4 kobolds
  4 rats
  3 rat zombies (D:4)
51 creatures vanquished.

Vanquished Creatures (collateral kills)
  A scorpion (D:2)
  A howler monkey (D:4)
  2 orc priests
  Crazy Yiuf (D:3)
  A worker ant (D:4)
  3 river rats (D:3)
  8 adders (D:2)
  2 oozes
  6 worms
  3 leopard geckos (D:2)
  5 orcs (D:3)
  A ball python (D:2)
  5 bats
  A bat zombie (D:4)
  5 giant cockroaches
  4 goblins
  4 hobgoblins
  5 jackals
  6 kobolds
  2 quokkas (D:3)
  2 frilled lizards
  4 rats
72 creatures vanquished.

Grand Total: 123 creatures vanquished

Notes
Turn   | Place    | Note
-------+----------+-------------------------------------------
     0 | D:1      | CurryBlack the Deep Elf Summoner began the quest for the
                  | Orb.
     0 | D:1      | Reached XP level 1. HP: 10/10 MP: 6/6
   459 | D:1      | Reached XP level 2. HP: 15/15 MP: 1/8
   468 | D:1      | Learned a level 2 spell: Call Imp
  1147 | D:2      | Reached XP level 3. HP: 14/19 MP: 10/10
  1327 | D:2      | Noticed a scorpion
  1342 | D:2      | Reached skill level 5 in Summonings
  1348 | D:2      | Killed a scorpion
  1348 | D:2      | Reached XP level 4. HP: 24/24 MP: 9/12
  2221 | D:3      | Learned a level 4 spell: Summon Lightning Spire
  2447 | D:3      | Reached skill level 5 in Spellcasting
  2503 | D:3      | Found a runed translucent door.
  2504 | D:3      | Noticed Crazy Yiuf
  2521 | D:3      | Killed Crazy Yiuf
  2521 | D:3      | Reached XP level 5. HP: 20/28 MP: 2/14
  3078 | D:3      | Reached skill level 1 in Air Magic
  3575 | D:4      | Reached XP level 6. HP: 28/32 MP: 11/16
  3660 | D:4      | Found an ancient bone altar of Kikubaaqudgha.
  3719 | D:4      | Reached skill level 6 in Summonings
  3784 | D:4      | HP: 1/32 [orc wizard/magic dart (8)]
  3802 | D:4      | Slain by a white imp

Levels and vault maps discovered:
D:1:      psy_arrival_dodecagon, layout_basic, minmay_octomino_c4
D:2:      layout_loops_ring, first_ration, minmay_divided_ellipse
D:3:      layout_loops_corners, portal_sewer_entry_e, uniq_crazy_yiuf_cottage
D:4:      layout_loops_ring, lemuel_zombie_altar_kikubaaqudgha, serial_shops,
          nicolae_shop_behind_doors, feat_on_display, uniq_sigmund

Skill      XL: |  1  2  3  4  5  6 |
---------------+-------------------+-----
Stealth        | 3 4 |  4.2
Spellcasting   | 4 5 |  5.7
Summonings     | 5 6 |  6.0
Air Magic      | 1 |  1.7
Dodging        | |  2.4

Action                   |  1- 3 |  4- 6 || total
-------------------------+-------+-------++-------
Melee: Whip              |    28 |    40 ||    68
       Unarmed           |     2 |       ||     2
       Dagger            |       |    64 ||    64
       Falchion          |       |    74 ||    74
 Cast: Summon Small Mamm |    18 |       ||    18
       Call Imp          |    14 |    45 ||    59
  Use: Scroll            |     1 |     3 ||     4
       Potion            |       |     1 ||     1
 Stab: Sleeping          |     2 |    10 ||    12
  Eat: Chunk             |     2 |     7 ||     9
Armor: Robe              |     7 |       ||     7
       Leather armour    |     5 |    43 ||    48
Dodge: Dodged            |    25 |   145 ||   170
       Rpst.: Falchion   |       |    19 ||    19

Table legend:
 A = Non-vault XP
 B = Vault XP
 C = Vault XP percentage of total XP
 D = Non-vault monster count
 E = Vault monster count
 F = Vault count percentage of total count
                 A         B        C        D         E       F
            +---------+---------+-------+---------+---------+-------
      Total |     353 |      90 |  20.3 |      92 |      31 |  25.2
            +---------+---------+-------+---------+---------+-------
        D:1 |      19 |       6 |  24.0 |      14 |       6 |  30.0
        D:2 |     113 |      27 |  19.3 |      31 |      12 |  27.9
        D:3 |      86 |      53 |  38.1 |      29 |       9 |  23.7
        D:4 |     135 |       4 |   2.9 |      18 |       4 |  18.2
            +---------+---------+-------+---------+---------+-------
